 Dungeon Crawl Stone Soup version 0.31-a0-8-gd14b0f4ee2 (webtiles) character file.

Game seed: 2805110706320472589

58 Morbidden the Sneak (level 4, -2/23 HPs)
             Began as a Vine Stalker Brigand on May 7, 2023.
             Slain by a goblin
             ... wielding a +0 dagger
             ... led by Robin
              (4 damage)
             ... on level 2 of the Dungeon.
             The game lasted 00:01:21 (1119 turns).

Morbidden the Sneak (Vine Stalker Brigand)          Turns: 1119, Time: 00:01:22

Health: -2/23      AC:  3    Str: 14    XL:     4   Next: 1%
Magic:  0/6        EV: 12    Int: 13    God:
Gold:   79         SH:  0    Dex: 15    Spells: 5/5 levels left

rFire   . . .        a - +2 dagger
rCold   . . .        j - orb {*Rage}
rNeg    . . .        b - +0 robe
rPois   .            (no helmet)
rElec   .            c - +0 cloak
rCorr   .            (no gloves)
SInv    .            (no boots)
Will    .....        (no amulet)
Stlth   +++          (no ring)
HPRegen 1.03/turn    (no ring)
MPRegen 0.10/turn

%: random rage (20%), guardian spirit
@: on berserk cooldown
A: fangs 2, regeneration 1, magic shield, antimagic bite, no potion heal 2
a: no special abilities


You were on level 2 of the Dungeon.
You visited 1 branch of the dungeon, and saw 2 of its levels.

You collected 79 gold pieces.

Inventory:

Hand Weapons
 a - a +2 dagger (weapon)
Missiles
 d - 9 poisoned darts
 e - 2 curare-tipped darts (quivered)
Armour
 b - a +0 robe (worn)
 c - a +0 cloak (worn)
 j - an orb of wrath (worn)
Scrolls
 f - 2 scrolls of teleportation {unknown}
 g - a scroll of silence {unknown}
 h - a scroll of vulnerability {unknown}
Potions
 i - a potion of magic {unknown}
 k - 2 potions of curing
 l - a potion of brilliance {unknown}
 m - 2 potions of invisibility {unknown}
 n - a potion of cancellation {unknown}


   Skills:
 * Level 2.0 Fighting
 * Level 2.0 Short Blades
 * Level 2.0 Throwing
 * Level 0.7 Armour
 * Level 1.1 Dodging
 + Level 5.7 Stealth
 * Level 1.0 Spellcasting


You had 5 spell levels left.
You didn't know any spells.
Your spell library contained the following spells:

 Spells                   Type           Power      Damage    Failure   Level
 Apportation              Tloc           0%         N/A       28%         1
 Alistair's Intoxication  Tmut/Pois      0%         N/A       100%        5


Dungeon Overview and Level Annotations

Branches:
Dungeon (2/15)

Altars:

Annotations:
D:2 1 runed translucent door, Crazy Yiuf, Robin


Innate Abilities, Weirdness & Mutations

You have extremely sharp teeth.
Your natural rate of healing is unusually fast.
When hurt, damage is shared between your health and your magic reserves.
Your bite disrupts and absorbs the magic of your enemies.
Potions cannot restore your health.


Message History

The goblin hits you with a +0 club. The goblin hits you with a +0 dagger.
* * * LOW HITPOINT WARNING * * *
Robin barely misses you. The goblin hits you but does no damage.
The goblin barely misses you.
Unknown command.
Unknown command.
Okay, then.
You aren't carrying any items that you can evoke.
Unknown command.
Unknown command.
Throw: 3 darts (curare)
Press: ? - help, Q - select action, (/) - cycle Shift-Dir - straight line, f - Robin
Aim: Robin, wielding a +0 spear, wearing a +0 animal skin and wearing a +1 helmet of intelligence (lightly wounded, 68% to hit)
You throw a curare-tipped dart. The curare-tipped dart hits Robin.
Robin is poisoned.
Robin convulses.
Robin seems to slow down.
Robin is heavily wounded.
The goblin hits you with a +0 club.
* * * LOW HITPOINT WARNING * * *
The goblin hits you but does no damage.
Robin drinks a potion.
Robin is healed!
Robin looks more healthy.
Unknown command.
You completely miss Robin. You bite Robin. You drain their power.
You feel invigorated.
Robin is lightly wounded.
The goblin no longer looks unusually strong.
The goblin closely misses you. The goblin hits you with a +0 club.
* * * LOW HITPOINT WARNING * * *
Robin roars a battlecry!
The goblin goes into a battle-frenzy!
The goblin hits you but does no damage. The goblin barely misses you.
Unknown command.
You hit Robin.
Robin is lightly wounded.
You feel yourself speed up.
The goblin no longer looks unusually strong.
The goblin hits you with a +0 club.
* * * LOW HITPOINT WARNING * * *
The goblin hits you with a +0 dagger.
You die...

######.#
#.....##
#.#
##..###
#.#
#....#
#.####
♣....♣
#....#
♣♣...♣
####.#
♣♣.♣♣
#.###
♣♣.♣
#.gg#
♣.♣♣
###@#
♣♣.♣ #g#
♣.♣♣ g##
#+# ##
.g.
#...#
#)..#
##### ##


You could see Robin (slow) and 3 goblins.

Vanquished Creatures
  Jessica (D:2)
  A worm (D:2)
  3 ball pythons
  3 endoplasms
  3 giant cockroaches
  6 goblins
  4 hobgoblins
  A bat (D:1)
  A frilled lizard (D:1)
  A kobold (D:2)
  A rat (D:2)
25 creatures vanquished.

Notes
Turn   | Place    | Note
-------+----------+-------------------------------------------
     0 | D:1      | Morbidden the Vine Stalker Brigand began the quest for the
                  | Orb.
     0 | D:1      | Reached XP level 1. HP: 11/11 MP: 2/2
   140 | D:1      | Reached skill level 5 in Stealth
   192 | D:1      | Reached XP level 2. HP: 15/15 MP: 3/3
   675 | D:2      | Reached skill level 1 in Dodging
   776 | D:2      | Noticed Jessica
   779 | D:2      | Reached XP level 3. HP: 18/18 MP: 5/5
   786 | D:2      | Killed Jessica
   787 | D:2      | Reached skill level 1 in Spellcasting
   996 | D:2      | Found a runed translucent door.
   997 | D:2      | Noticed Crazy Yiuf
  1106 | D:2      | Noticed Robin
  1108 | D:2      | Gained mutation: Your natural rate of healing is unusually
                  | fast. [Vine Stalker growth]
  1108 | D:2      | Reached XP level 4. HP: 23/23 MP: 6/6
  1119 | D:2      | Slain by a goblin

Illustrated notes

Levels and vault maps discovered:
D:1:      ncdulo_watergridlock, layout_loops_ring
D:2:      layout_loops_ring, uniq_robin, uniq_crazy_yiuf_cottage, uniq_jessica

Skill      XL: |  1  2  3 |
---------------+----------+-----
Stealth        | 5 |  5.7
Dodging        | 1 |  1.1
Fighting       | 2 |  2.0
Short Blades   | 2 |  2.0
Throwing       | 2 |  2.0
Spellcasting   | 1 |  1.0
Armour         | |  0.7

Action                     |  1- 3 |  4- 6 || total
---------------------------+-------+-------++-------
  Melee: Dagger            |    49 |    10 ||    59
         Bite              |    12 |     2 ||    14
  Throw: Dart              |     4 |     1 ||     5
   Stab: Sleeping          |     8 |       ||     8
 Armour: Robe              |     6 |     6 ||    12
  Dodge: Dodged            |    17 |    14 ||    31

Table legend: (Time is in decaauts)
 A = Elapsed time spent in this place.
 B = Non-inter-level travel time spent in this place.
 C = Inter-level travel time spent in this place.
 D = Time resting spent in this place.
 E = Time spent auto-exploring this place.
 F = Levels seen in this place.
 G = Mean time per level.
                   A        B        C        D        E       F      G
               +--------+--------+--------+--------+--------+-----+--------+
         Total |   1148 |   1100 |     48 |     73 |    845 |   2 |  574.0 |
       Dungeon |   1148 |   1100 |     48 |     73 |    845 |   2 |  574.0 |
               +--------+--------+--------+--------+--------+-----+--------+

Top non-repeatable levels by time:
     D:1: 622 daAuts
     D:2: 526 daAuts
